PUBA
GLENAVON PIPERS @ KENTUCKY ROCKETS
04/11/1972
 
TOP OF THE 1ST
Glenavon Pipers batting - Pitching for Kentucky Rockets : RHP Ray Eldridge
Pitching: RHP Ray Eldridge
Batting: LHB Ken Hill 0-0: Ball
1-0: Ground out U3 (Groundball, 3, EV 83.8 MPH)
Batting: RHB Gerald Bernard 0-0: Foul Ball, location: 23F
0-1: Fly out, F7 (Flyball, 7S, EV 93.8 MPH)
Batting: LHB Manny García 0-0: Ball
1-0: Swinging Strike
1-1: Ball
2-1: Foul Ball, location: 7LDF
2-2: Ball
3-2: Strikes out swinging
Top of the 1st over - 0 runs, 0 hits, 0 errors, 0 left on base; Glenavon 0 - Kentucky 0
BOTTOM OF THE 1ST
Kentucky Rockets batting - Pitching for Glenavon Pipers : RHP Stan Schroeder
Pitching: RHP Stan Schroeder
Batting: RHB Kevin Smith 0-0: Foul Ball, location: 2RF
0-1: Ball
1-1: Swinging Strike
1-2: DOUBLE (Flyball, 8RXD, EV 99.4 MPH)
Batting: RHB Terry Martin 0-0: Ball
Kevin Smith steals 3rd base
1-0: Ground out 6-3 (Groundball, 6, EV 93.1 MPH)
Kevin Smith scores
Batting: SHB Dusty Baker 0-0: Foul Ball, location: 25FF
0-1: Ball
1-1: Swinging Strike
1-2: Foul Ball, location: 3F
1-2: Ball
2-2: Foul Ball, location: 3FF
2-2: Strikes out swinging
Batting: RHB Earl Frisella 0-0: Called Strike
0-1: Ball
1-1: DOUBLE (Line Drive, 9LM, EV 98.8 MPH)
Batting: LHB Mike Baker 0-0: Called Strike
0-1: Called Strike
0-2: Strikes out looking
Bottom of the 1st over - 1 run, 2 hits, 0 errors, 1 left on base; Glenavon 0 - Kentucky 1
TOP OF THE 2ND
Glenavon Pipers batting - Pitching for Kentucky Rockets : RHP Ray Eldridge
Batting: RHB William Hill 0-0: Ball
1-0: Ball
2-0: Fly out, F8 (Flyball, 89XD, EV 105.0 MPH)
Batting: LHB Greg Mills 0-0: SINGLE (Groundball, 34D, EV 102.5 MPH)
Batting: RHB Bob Buckley 0-0: Swinging Strike
0-1: Ball
1-1: Ball
2-1: Ball
3-1: SINGLE (Groundball, 4MS, EV 67.5 MPH) (infield hit)
Greg Mills to second
Batting: LHB Ivo Kratochvilov 0-0: SINGLE (Line Drive, 89S, EV 107.5 MPH)
Greg Mills to third
Bob Buckley to second
Batting: RHB Barton Rogers 0-0: Foul Ball, location: 3F
0-1: Called Strike
0-2: Ball
1-2: Strikes out swinging
Batting: LHB Stu Taylor 0-0: Called Strike
0-1: Fielders Choice at 2nd, 5-4 (Groundball, 56, EV 92.5 MPH)
Top of the 2nd over - 0 runs, 3 hits, 0 errors, 3 left on base; Glenavon 0 - Kentucky 1
BOTTOM OF THE 2ND
Kentucky Rockets batting - Pitching for Glenavon Pipers : RHP Stan Schroeder
Batting: RHB Oscar Brown 0-0: Ball
1-0: Swinging Strike
1-1: Foul Ball, location: 3F
1-2: Ball
2-2: Ball
3-2: Strikes out swinging
Batting: SHB José García 0-0: Ball
1-0: Ball
2-0: Swinging Strike
2-1: Foul Ball, location: 3DF
2-2: Ball
3-2: Foul Ball, location: 23F
3-2: Foul Ball, location: 5FF
3-2: Foul Ball, location: 23FF
3-2: Base on Balls
Batting: SHB Jesús Ruíz 0-0: Called Strike
0-1: Foul Ball, location: 5FF
0-2: Ball
1-2: Ball
2-2: Foul Ball, location: 7LDF
2-2: Foul Ball, location: 7LSFF
2-2: DOUBLE (Line Drive, 78D, EV 104.4 MPH)
José García to third
Runner from 3rd tries for Home, SAFE, no throw by CF
Batting: LHB John Lowenstein 0-0: Called Strike
0-1: Swinging Strike
0-2: Foul Ball, location: 7LSF
0-2: Foul Ball, location: 23F
0-2: Strikes out looking
Batting: RHB Kevin Smith 0-0: Ball
1-0: Ground out U3 (Groundball, 13, EV 86.3 MPH)
Bottom of the 2nd over - 1 run, 1 hit, 0 errors, 1 left on base; Glenavon 0 - Kentucky 2
TOP OF THE 3RD
Glenavon Pipers batting - Pitching for Kentucky Rockets : RHP Ray Eldridge
Batting: LHB Ken Hill 0-0: Ball
1-0: Called Strike
1-1: Swinging Strike
1-2: Strikes out swinging
Batting: RHB Gerald Bernard 0-0: Called Strike
0-1: Ball
1-1: Foul Ball, location: 5F
1-2: Ball
2-2: Strikes out swinging
Batting: LHB Manny García 0-0: Ball
1-0: Ball
2-0: Ball
3-0: Base on Balls
Batting: RHB William Hill 0-0: Called Strike
0-1: Ball
1-1: Ball
2-1: Swinging Strike
2-2: Fielders Choice at 2nd, 6-4 (Groundball, 6, EV 84.4 MPH)
Top of the 3rd over - 0 runs, 0 hits, 0 errors, 1 left on base; Glenavon 0 - Kentucky 2
BOTTOM OF THE 3RD
Kentucky Rockets batting - Pitching for Glenavon Pipers : RHP Stan Schroeder
Batting: RHB Terry Martin 0-0: Called Strike
0-1: Swinging Strike
0-2: Foul Ball, location: 3SF
0-2: Strikes out swinging
Batting: SHB Dusty Baker 0-0: Ground out 6-3 (Groundball, 6M, EV 92.5 MPH)
Batting: RHB Earl Frisella 0-0: Ball
1-0: Ball
2-0: SINGLE (Line Drive, 7S, EV 86.9 MPH)
Batting: LHB Mike Baker 0-0: Swinging Strike
0-1: Foul Ball, location: 3F
0-2: Foul Ball, location: 2F
0-2: Ball
1-2: Foul Ball, location: 7LDF
1-2: Ball
2-2: Ball
3-2: SINGLE (Line Drive, 5D, EV 96.3 MPH)
Earl Frisella to second
Earl Frisella to third
Batting: RHB Oscar Brown 0-0: Swinging Strike
0-1: Foul Ball, location: 23F
0-2: Ball
1-2: Ball
2-2: Reached on error, E6 (Groundball, 6, EV 101.9 MPH)
Earl Frisella scores
Mike Baker to second
Batting: SHB José García 0-0: Called Strike
0-1: Called Strike
0-2: Strikes out looking
Bottom of the 3rd over - 1 run, 2 hits, 1 error, 2 left on base; Glenavon 0 - Kentucky 3
TOP OF THE 4TH
Glenavon Pipers batting - Pitching for Kentucky Rockets : RHP Ray Eldridge
Batting: LHB Greg Mills 0-0: Ball
1-0: Ball
2-0: Ground out 4-3 (Groundball, 4, EV 91.9 MPH)
Batting: RHB Bob Buckley 0-0: Ball
1-0: Foul Ball, location: 7LMF
1-1: Ball
2-1: SINGLE (Flyball, 89S, EV 95.6 MPH)
Batting: LHB Ivo Kratochvilov 0-0: Ball
1-0: Grounds into double play, 4-6-3 (Groundball, 4M, EV 85.0 MPH)
Top of the 4th over - 0 runs, 1 hit, 0 errors, 0 left on base; Glenavon 0 - Kentucky 3
BOTTOM OF THE 4TH
Kentucky Rockets batting - Pitching for Glenavon Pipers : RHP Stan Schroeder
Batting: SHB Jesús Ruíz 0-0: Ball
1-0: Ball
2-0: Foul Ball, location: 9LMF
2-1: Called Strike
2-2: Strikes out swinging
Batting: LHB John Lowenstein 0-0: Foul Ball, location: 2F
0-1: Ball
1-1: DOUBLE (Groundball, 3L, EV 96.3 MPH)
Batting: RHB Kevin Smith 0-0: SINGLE (Line Drive, 89S, EV 93.8 MPH)
John Lowenstein to third
Throwing error, E8
John Lowenstein scores
Kevin Smith to second
Batting: RHB Terry Martin 0-0: Foul Ball, location: 2F
0-1: Ball
1-1: Ball
2-1: Fly out, F8 (Flyball, 8RS, EV 81.9 MPH)
Batting: SHB Dusty Baker 0-0: Ball
1-0: Ball
2-0: Swinging Strike
2-1: Fly out, F6 (Popup, 15S, EV 85.0 MPH)
Bottom of the 4th over - 1 run, 2 hits, 1 error, 1 left on base; Glenavon 0 - Kentucky 4
TOP OF THE 5TH
Glenavon Pipers batting - Pitching for Kentucky Rockets : RHP Ray Eldridge
Batting: RHB Barton Rogers 0-0: Fly out, F8 (Flyball, 8RD, EV 83.8 MPH)
Batting: LHB Stu Taylor 0-0: Swinging Strike
0-1: Called Strike
0-2: Ball
1-2: Ball
2-2: Foul Ball, location: 7LSF
2-2: Strikes out swinging
Batting: LHB Ken Hill 0-0: Swinging Strike
0-1: Foul Ball, location: 7LSF
0-2: SINGLE (Groundball, 6MD, EV 100.0 MPH)
Batting: RHB Gerald Bernard 0-0: Ball
1-0: Ball
2-0: Ball
Ken Hill steals 2nd base (no throw)
3-0: Called Strike
3-1: Swinging Strike
3-2: Strikes out swinging
Top of the 5th over - 0 runs, 1 hit, 0 errors, 1 left on base; Glenavon 0 - Kentucky 4
BOTTOM OF THE 5TH
Kentucky Rockets batting - Pitching for Glenavon Pipers : RHP Stan Schroeder
Batting: RHB Earl Frisella 0-0: Ball
1-0: Ground out 5-3 (Groundball, 5, EV 93.8 MPH)
Batting: LHB Mike Baker 0-0: SINGLE (Flyball, 4D, EV 94.4 MPH)
Batting: RHB Oscar Brown 0-0: Called Strike
0-1: Swinging Strike
0-2: Ball
1-2: Ball
2-2: Strikes out swinging
Batting: SHB José García 0-0: Ball
1-0: SINGLE (Line Drive, 89S, EV 108.8 MPH)
Mike Baker to second
Batting: SHB Jesús Ruíz 0-0: Ball
1-0: Ball
2-0: Swinging Strike
2-1: Fly out, F7 (Line Drive, 7, EV 110.0 MPH)
Bottom of the 5th over - 0 runs, 2 hits, 0 errors, 2 left on base; Glenavon 0 - Kentucky 4
TOP OF THE 6TH
Glenavon Pipers batting - Pitching for Kentucky Rockets : RHP Ray Eldridge
Batting: LHB Manny García 0-0: Foul Ball, location: 5FF
0-1: Ball
1-1: Swinging Strike
1-2: Strikes out swinging
Batting: RHB William Hill 0-0: Called Strike
0-1: Ball
1-1: SOLO HOME RUN (Flyball, 7LD, EV 100.0 MPH), Distance : 364 ft
Batting: LHB Greg Mills 0-0: Ball
1-0: Ball
2-0: Ball
3-0: Called Strike
3-1: Base on Balls
Batting: RHB Bob Buckley 0-0: Ball
1-0: Ball
2-0: Ball
3-0: Called Strike
3-1: Fly out, F8 (Flyball, 78D, EV 85.0 MPH)
Batting: LHB Ivo Kratochvilov 0-0: Ball
1-0: Swinging Strike
1-1: Called Strike
1-2: Fly out, F7 (Flyball, 78S, EV 90.6 MPH)
Top of the 6th over - 1 run, 1 hit, 0 errors, 1 left on base; Glenavon 1 - Kentucky 4
BOTTOM OF THE 6TH
Kentucky Rockets batting - Pitching for Glenavon Pipers : RHP Stan Schroeder
Batting: LHB John Lowenstein 0-0: Called Strike
0-1: Foul Ball, location: 5DF
0-2: Foul Ball, location: 9LSF
0-2: SINGLE (Line Drive, 9S, EV 105.6 MPH)
Batting: RHB Kevin Smith 0-0: Bunt missed!
0-1: Ball
1-1: Ball
2-1: SINGLE (Groundball, 4MD, EV 105.0 MPH)
John Lowenstein to second
Batting: RHB Terry Martin 0-0: Bunted foul
0-1: Sac Bunt to 13 - play at third, runner OUT! 1-5
Kevin Smith to second
Batting: SHB Dusty Baker 0-0: Ball
1-0: Ball
2-0: Ball
3-0: Called Strike
3-1: Called Strike
3-2: Strikes out swinging
Pitching: RHP Carroll Ward
Batting: RHB Earl Frisella 0-0: SINGLE (Groundball, 6MD, EV 100.0 MPH)
Kevin Smith to third
Terry Martin to second
Runner from 3rd tries for Home, SAFE, throw by CF to home
Batting: LHB Mike Baker 0-0: Called Strike
0-1: Fly out, F1 (Line Drive, P, EV 66.9 MPH)
Bottom of the 6th over - 1 run, 3 hits, 0 errors, 2 left on base; Glenavon 1 - Kentucky 5
TOP OF THE 7TH
Glenavon Pipers batting - Pitching for Kentucky Rockets : RHP Ray Eldridge
Batting: RHB Barton Rogers 0-0: Foul Ball, location: 5F
0-1: Foul Ball, location: 7LDF
0-2: Foul Ball, location: 5FF
0-2: Ground out 6-3 (Groundball, 6, EV 86.9 MPH)
Batting: LHB Stu Taylor 0-0: Ball
1-0: Called Strike
1-1: Swinging Strike
1-2: SOLO HOME RUN (Flyball, 7D, EV 95.0 MPH), Distance : 336 ft
Batting: LHB Ken Hill 0-0: Ball
1-0: Foul Ball, location: 2F
1-1: Called Strike
1-2: Ball
2-2: Fly out, F8 (Flyball, 8RM, EV 91.3 MPH)
Batting: RHB Gerald Bernard 0-0: Ball
1-0: Ball
2-0: Called Strike
2-1: Ball
3-1: Base on Balls
Batting: LHB Manny García 0-0: Ball
Gerald Bernard steals 2nd base
1-0: Foul Ball, location: 23F
1-1: Ball
2-1: SINGLE (Groundball, 34S, EV 76.9 MPH) (infield hit)
Gerald Bernard to third
Pitching: LHP Clayton Teague
Batting: RHB William Hill 0-0: Ball
1-0: Ball
2-0: Called Strike
2-1: Foul Ball, location: 2F
2-2: Fielders Choice at 2nd, 6-4 (Groundball, 6, EV 85.0 MPH)
Top of the 7th over - 1 run, 2 hits, 0 errors, 2 left on base; Glenavon 2 - Kentucky 5
BOTTOM OF THE 7TH
Kentucky Rockets batting - Pitching for Glenavon Pipers : RHP Carroll Ward
Batting: RHB Oscar Brown 0-0: Ground out 1-3 (Groundball, 34S, EV 64.4 MPH)
Batting: SHB José García 0-0: Ball
1-0: Swinging Strike
1-1: Foul Ball, location: 2F
1-2: SINGLE (Groundball, 15S, EV 64.4 MPH) (infield hit)
Batting: SHB Jesús Ruíz 0-0: Called Strike
0-1: Called Strike
0-2: Ball
1-2: SINGLE (Flyball, 5D, EV 90.6 MPH)
José García to second
Batting: LHB John Lowenstein 0-0: Foul Ball, location: 7LDF
0-1: Ball
1-1: Ball
2-1: Foul Ball, location: 2F
2-2: Foul Ball, location: 3DF
2-2: Ball
3-2: Foul Ball, location: 2F
3-2: Fly out, F8 (Flyball, 8RM, EV 90.6 MPH)
Batting: RHB Kevin Smith 0-0: Ball
1-0: Fielders Choice at 2nd, 5-4 (Groundball, 56, EV 104.4 MPH)
Bottom of the 7th over - 0 runs, 2 hits, 0 errors, 2 left on base; Glenavon 2 - Kentucky 5
TOP OF THE 8TH
Glenavon Pipers batting - Pitching for Kentucky Rockets : LHP Clayton Teague
Batting: LHB Greg Mills 0-0: Ball
1-0: Ball
2-0: SINGLE (Line Drive, 4MD, EV 98.8 MPH)
Batting: RHB Bob Buckley 0-0: Called Strike
0-1: Called Strike
0-2: Foul Ball, location: 23F
0-2: Strikes out swinging
Pinch Hitting: RHB Ben Snyder 0-0: Foul Ball, location: 2F
0-1: Ball
1-1: Ball
2-1: Fly out, F7 (Line Drive, 7S, EV 111.3 MPH)
Batting: RHB Barton Rogers 0-0: Ball
1-0: Ball
2-0: Foul Ball, location: 2F
2-1: Ball
3-1: Swinging Strike
3-2: Base on Balls
Greg Mills to second
Batting: LHB Stu Taylor 0-0: Called Strike
0-1: Swinging Strike
0-2: Strikes out swinging
Top of the 8th over - 0 runs, 1 hit, 0 errors, 2 left on base; Glenavon 2 - Kentucky 5
BOTTOM OF THE 8TH
Kentucky Rockets batting - Pitching for Glenavon Pipers : RHP Carroll Ward
Now in LF: Ben Snyder
Now in RF: Manny García
Batting: RHB Terry Martin 0-0: Ball
1-0: Ball
2-0: Ball
3-0: Called Strike
3-1: Base on Balls
Batting: SHB Dusty Baker 0-0: Ball
1-0: Called Strike
1-1: Ball
2-1: Swinging Strike
2-2: Strikes out swinging
Batting: RHB Earl Frisella 0-0: Ball
1-0: Swinging Strike
1-1: Ball
2-1: Swinging Strike
2-2: Ball
3-2: Strikes out swinging
Batting: LHB Mike Baker 0-0: Ball
1-0: Ball
2-0: Called Strike
2-1: Ground out 4-3 (Groundball, 34D, EV 78.1 MPH)
Bottom of the 8th over - 0 runs, 0 hits, 0 errors, 1 left on base; Glenavon 2 - Kentucky 5
TOP OF THE 9TH
Glenavon Pipers batting - Pitching for Kentucky Rockets : LHP Clayton Teague
Batting: LHB Ken Hill 0-0: Ball
1-0: SINGLE (Line Drive, 9S, EV 98.8 MPH)
Batting: RHB Gerald Bernard 0-0: Ball
1-0: Ball
2-0: Called Strike
2-1: Ball
3-1: Foul Ball, location: 2F
3-2: Foul Ball, location: 2F
3-2: Foul Ball, location: 5FF
3-2: Foul Ball, location: 5F
3-2: Strikes out swinging
Ken Hill steals 2nd base
Batter strikes out.
Batting: LHB Manny García 0-0: Swinging Strike
0-1: Foul Ball, location: 2F
0-2: Ball
1-2: Foul Ball, location: 2F
1-2: Ball
2-2: Ball
3-2: Foul Ball, location: 2LF
3-2: Foul Ball, location: 23F
3-2: Base on Balls
Batting: RHB William Hill 0-0: Ball
1-0: Ball
2-0: Swinging Strike
2-1: Ball
3-1: Foul Ball, location: 2F
3-2: Foul Ball, location: 3DF
3-2: Fly out, F8 (Flyball, 8RD, EV 91.3 MPH)
Batting: LHB Greg Mills 0-0: Ball
1-0: Foul Ball, location: 25F
1-1: Swinging Strike
1-2: SINGLE (Groundball, 56D, EV 94.4 MPH)
Ken Hill to third
Manny García to second
Batting: RHB Bob Buckley 0-0: Called Strike
0-1: Swinging Strike
0-2: Ball
1-2: Foul Ball, location: 3FF
1-2: SINGLE (Line Drive, 8LS, EV 102.5 MPH)
Ken Hill scores
Manny García to third
Greg Mills to second
Pitching: RHP Ángel Deleón
Now at 3B: Leslie Edwards
Now in RF: Dusty Baker
Pinch Hitting: LHB Rich Fletcher 0-0: Ball
1-0: Swinging Strike
1-1: Ball
2-1: Swinging Strike
2-2: Strikes out swinging
Top of the 9th over - 1 run, 3 hits, 0 errors, 3 left on base; Glenavon 3 - Kentucky 5
Friday, February 23rd , 2024 - OOTP Baseball 24.8 Build 75